 Dungeon Crawl Stone Soup version 0.31-a0-237-g2d982f9f85 (webtiles) character file.

Game seed: 11049161269503580398

22 qw the Shooter (level 2, -2/17 HPs)
             Began as a Gargoyle Hexslinger on July 10, 2023.
             Slain by a gnoll
             ... wielding a +0 flail
              (11 damage)
             ... on level 1 of the Dungeon.
             The game lasted 00:00:19 (430 turns).

qw the Shooter (Gargoyle Hexslinger)                 Turns: 430, Time: 00:00:19

Health: -2/17      AC:  4    Str: 11    XL:     2   Next: 91%
Magic:  3/3        EV: 12    Int: 13    God:
Gold:   31         SH:  0    Dex: 12    Spells: 2/3 levels left

rFire   . . .        a - +1 sling
rCold   . . .        (no shield)
rNeg    + . .        c - +0 robe
rPois   inf          (no helmet)
rElec   +            (no cloak)
rCorr   .            (no gloves)
SInv    .            (no boots)
Will    .....        (no amulet)
Stlth   +            (no ring)
HPRegen 0.22/turn    (no ring)
MPRegen 0.08/turn

%: no passive effects
@: no status effects
A: sickness immunity, AC +2, negative energy resistance 1, electricity
resistance, torment resistance 1, petrification resistance
a: no special abilities


You were on level 1 of the Dungeon.
You visited 1 branch of the dungeon, and saw 1 of its levels.

You collected 31 gold pieces.


Innate Abilities, Weirdness & Mutations

You are immune to sickness and miasma.
Your stone body is resilient. (AC +2)
You are immune to poison.
You resist negative energy. (rN+)
You are resistant to electric shocks. (rElec)
You are resistant to unholy torment.
You are immune to petrification.


   Skills:
 + Level 1.8 Fighting
 - Level 3.0 Ranged Weapons
 - Level 1.5 Dodging
 - Level 1.0 Spellcasting
 - Level 2.6 Hexes


You had 2 spell levels left.
You knew the following spells:

 Your Spells              Type           Power      Damage    Failure   Level
a - Slow                  Hex            28%        N/A       10%         1

Your spell library contained the following spells:

 Spells                   Type           Power      Damage    Failure   Level
 Inner Flame              Hex/Fire       4%         N/A       43%         3
 Portal Projectile        Hex/Tloc       8%         N/A       43%         3
 Cause Fear               Hex            3%         N/A       67%         4

Inventory:

Hand Weapons
 a - a +1 sling (weapon)
Armour
 c - a +0 robe (worn)
Scrolls
 b - a scroll of poison
 e - a scroll of revelation {unknown}
 f - 3 scrolls of blinking {unknown}
 g - 2 scrolls of enchant weapon {unknown}
Potions
 d - a potion of might {unknown}
 h - a potion of enlightenment {unknown}

Dungeon Overview and Level Annotations

Branches:
Dungeon (1/15)

Altars:

Shops:
D:1 [!=?


Message History

You kill the bat!
There is a stone staircase leading down here.
A ball python comes into view.
Enter note:
Enter note: You shoot a sling bullet.
The sling bullet hits the ball python.
You kill the ball python!
A ball python comes into view.
Enter note:
Enter note: You shoot a sling bullet.
The sling bullet hits the ball python!
You kill the ball python!
You now have 31 gold pieces (gained 2).
A gnoll comes into view. It is wielding a +0 flail.
The gnoll shouts!
Enter note:
Enter note: You shoot a sling bullet.
The sling bullet hits the gnoll but does no damage.
You shoot a sling bullet.
The sling bullet barely misses the gnoll.
You shoot a sling bullet.
The sling bullet closely misses the gnoll.
You shoot a sling bullet.
The sling bullet closely misses the gnoll.
The gnoll barely misses you. The gnoll hits you with a +0 flail.
You shoot a sling bullet. The sling bullet hits the gnoll.
The gnoll is moderately wounded.
The gnoll closely misses you.
You shoot a sling bullet.
The sling bullet barely misses the gnoll.
The gnoll barely misses you.
You shoot a sling bullet. The sling bullet hits the gnoll.
The gnoll is heavily wounded.
The gnoll hits you with a +0 flail.
You shoot a sling bullet.
The sling bullet closely misses the gnoll.
The gnoll misses you. The gnoll hits you with a +0 flail!
Ouch! That really hurt!
You die...

#.............#####
#.###.............# #.#
#.#######.###.# #.# #.# ##.## .#
#.###.### ##...##.#
#.#.....###.#%#.#.#
###.#>..............#
..........###.#.#.#.# ##..#.....#
##..@##.# #..#.....# ##..g..#
#..##....#####.###.....
#..#.#.#...%.#.# #####
#..........%...#######
#.##.#.#..##.......=..
##.#.............################
#........%#####:.# #...........
#.#####...# #..# #.##########


You could see a gnoll.

Vanquished Creatures
  A dart slug (D:1)
  6 bats (D:1)
  3 hobgoblins (D:1)
  A quokka (D:1)
  4 ball pythons (D:1)
  2 frilled lizards (D:1)
  3 rats (D:1)
20 creatures vanquished.

Notes
Turn   | Place    | Note
-------+----------+-------------------------------------------
     0 | D:1      | qw the Gargoyle Hexslinger began the quest for the Orb.
     0 | D:1      | Reached XP level 1. HP: 12/12 MP: 2/2
     0 | D:1      | 0 ||| qw: Version: 0.3-a-52-g30416fa
     0 | D:1      | 0 ||| qw: Game counter: 5112
     0 | D:1      | 0 ||| qw: Melee chars always use a shield: true
     0 | D:1      | 0 ||| qw: God list: Okawaru
     0 | D:1      | 0 ||| qw: Allow faded altars: false
     0 | D:1      | 0 ||| qw: Do Orc after clearing Dungeon:15 true
     0 | D:1      | 0 ||| qw: Do second Lair branch before Depths: true
     0 | D:1      | 0 ||| qw: Lair rune preference: random
     0 | D:1      | 0 ||| qw: Goals: Normal
     0 | D:1      | 0 ||| PLANNING D:1-11
    24 | D:1      | Found Pyvvyut's Distillery.
    33 | D:1      | 33 ||| SHOPLISTING 2 potions of curing (66 gold, have 15).
    33 | D:1      | 33 ||| SHOPLISTING potion of haste (110 gold, have 15).
    33 | D:1      | 33 ||| SHOPLISTING potion of heal wounds (55 gold, have
                  | 15).
    33 | D:1      | 33 ||| SHOPLISTING potion of mutation (88 gold, have 15).
    33 | D:1      | 33 ||| SHOPLISTING potion of resistance (110 gold, have
                  | 15).
   146 | D:1      | Found Zadulurace's Magic Scroll Emporium.
   155 | D:1      | Reached XP level 2. HP: 15/16 MP: 3/3
   167 | D:1      | 167 ||| SHOPLISTING scroll of enchant armour (105 gold,
                  | have 15).
   167 | D:1      | 167 ||| SHOPLISTING scroll of identify (28 gold, have 15).
   167 | D:1      | 167 ||| SHOPLISTING scroll of teleportation (42 gold, have
                  | 15).
   222 | D:1      | Found Luppur's Jewellery Emporium.
   229 | D:1      | 229 ||| SHOPLISTING +4 ring of protection (396 gold, have
                  | 29).
   229 | D:1      | 229 ||| SHOPLISTING ring of Leaves {Wiz Slay+3} (545 gold,
                  | have 29).
   229 | D:1      | 229 ||| SHOPLISTING ring of fire (275 gold, have 29).
   229 | D:1      | 229 ||| SHOPLISTING ring of protection from fire (275 gold,
                  | have 29).
   229 | D:1      | 229 ||| SHOPLISTING ring of see invisible (165 gold, have
                  | 29).
   275 | D:1      | Reached skill level 3 in Ranged Weapons
   320 | D:1      | 320 ||| FLEEEEING.
   321 | D:1      | 321 ||| FLEEEEING.
   322 | D:1      | 322 ||| FLEEEEING.
   345 | D:1      | Found Gisinak's Antique Armour Shop.
   365 | D:1      | 365 ||| SHOPLISTING embroidered robe (70 gold, have 29).
   365 | D:1      | 365 ||| SHOPLISTING helmet (85 gold, have 29).
   365 | D:1      | 365 ||| SHOPLISTING pair of embroidered boots (142 gold,
                  | have 29).
   365 | D:1      | 365 ||| SHOPLISTING ring mail (76 gold, have 29).
   365 | D:1      | 365 ||| SHOPLISTING shiny ring mail (133 gold, have 29).
   430 | D:1      | Slain by a gnoll

Levels and vault maps discovered:
D:1:      amcnicky_arrival_double_pillar, layout_loops_ring, serial_shops, shop,
          shop, shop, nicolae_shop_peninsula

Skill      XL: |  1  2 |
---------------+-------+-----
Ranged Weapons | 3 |  3.0
Fighting       | |  1.8
Dodging        | |  1.5
Spellcasting   | |  1.0
Hexes          | |  2.6

Action                     || total
---------------------------++-------
   Fire: Sling             ||    89
 Armour: Robe              ||    30
  Dodge: Dodged            ||    52

Table legend:
 A = Non-vault XP
 B = Vault XP
 C = Vault XP percentage of total XP
 D = Non-vault monster count
 E = Vault monster count
 F = Vault count percentage of total count
                 A         B        C        D         E       F
            +---------+---------+-------+---------+---------+-------
      Total |      32 |       0 |   0.0 |      20 |       0 |   0.0
            +---------+---------+-------+---------+---------+-------
        D:1 |      32 |       0 |   0.0 |      20 |       0 |   0.0
            +---------+---------+-------+---------+---------+-------
